 Dungeon Crawl Stone Soup version 0.17-a0-1078-g243345b (webtiles) character file.

135 Lugonue the Covert (level 4, -1/30 HPs)
             Began as a Vampire Enchanter on May 19, 2015.
             Slain by Sigmund
             ... wielding a +2 scythe of protection
              (8 damage)
             ... on level 4 of the Dungeon.
             The game lasted 00:06:44 (2126 turns).

Lugonue the Covert (Vampire Enchanter)              Turns: 2126, Time: 00:06:44

Health: -1/30      AC:  4    Str:  7    XL:     4   Next: 96%
Magic:  2/7        EV: 12    Int: 18    God:
Gold:   91         SH:  0    Dex: 14    Spells: 3 memorised, 1 level left

rFire  + . .     SeeInvis +     h - +2 dagger (venom)
rCold  + + .     Clarity  .     b - +1 robe
rNeg   + + +     SustAb   .     (no shield)
rPois  +         Gourm    .     (no helmet)
rElec  .         Spirit   .     n - +0 cloak
rCorr  .         Warding  .     (no gloves)
rMut   .         Stasis   .     (no boots)
MR     .....                    (no amulet)
Stlth  +++++.....               (no ring)
                                p - ring of protection from fire

@: regenerating slowly, not resistant to hostile enchantments, quite stealthy
A: fangs 3, see invisible, unbreathing
a: Bat Form


You were on level 4 of the Dungeon.
You were near bloodless.

You visited 1 branch of the dungeon, and saw 4 of its levels.

You collected 91 gold pieces.

Inventory:

Hand weapons
 a - a +1 dagger
 h - a +2 dagger of venom (weapon)
Armour
 b - a +1 robe (worn)
 n - a +0 cloak (worn)
Jewellery
 p - a ring of protection from fire (left hand)
 q - an uncursed ring of teleportation
Scrolls
 k - 3 scrolls of identify
 o - a scroll of magic mapping
Potions
 d - 6 potions of blood
 f - a potion of flight
 g - 2 potions of resistance {unknown}
 i - a potion of degeneration {unknown}
 l - 2 potions of brilliance {unknown}
 m - a potion of poison {unknown}
Books
 c - a book of Maledictions

   Spells                             Type                      Level
   a - Corona                         Hexes                        1
   b - Ensorcelled Hibernation        Hexes/Ice                    2
   c - Confuse                        Hexes                        3
   d - Tukima's Dance                 Hexes                        3
   e - Dazzling Spray                 Conjuration/Hexes            3


   Skills:
 - Level 1.1 Short Blades
 - Level 2.1 Dodging
 + Level 8.8 Stealth
 - Level 2.0 Spellcasting
 - Level 4.4 Hexes


You had one spell level left.
You knew the following spells:

 Your Spells              Type           Power        Failure   Level  Hunger
a - Corona                Hex            ###....      3%          1    #......
b - Ensorcelled Hibernat  Hex/Ice        #.....       12%         2    ###....
c - Confuse               Hex            ###.....     12%         3    ###....


Dungeon Overview and Level Annotations

Branches:
Dungeon (4/15)
 Temple: D:4-7

Altars:
Zin

Annotations:
D:4 Sigmund


Innate Abilities, Weirdness & Mutations

You heal slowly.
You have razor-sharp teeth.
You have supernaturally acute eyesight.
You can survive without breathing.


Message History

The jackal bites you but does no damage.
The jackal closely misses you.
A giant gecko comes into view.
The jackal closely misses you.
You hit the jackal.
The jackal is moderately wounded.
Sigmund closely misses you. The jackal barely misses you.
You hit the jackal.
You kill the jackal!
You barely miss the jackal. The jackal bites you.
Sigmund hits you from afar with a scythe of protection!
* * * LOW HITPOINT WARNING * * *
The jackal barely misses you.
Read which item? (? for menu, Esc to quit)
As you read the scroll labeled FUUNTUETZU, it crumbles to dust.
It is a scroll of recharging.
You aren't carrying any rechargeable items.
The jackal barely misses you.
Sigmund hits you from afar with a scythe of protection!
You die...

*** *,** **,** **** **,**** ###
*** ***,,* **,,,* *** #@##
**#.#**,,,*, * **,,,***,*
##h####...l..,***, ****,,,,.**,**
##@........h#**,,,
,,,,,,,,..#,,*##............,,,,,
,,,,,,,,....,##..†........#*,,,,,
,*,,,,,,.....#............#**,,,,
**,***,,..........####.#..# *,,,,
*,,****,.........####@##..# **,,,
,,,,****...##....##...###.## *,,.


You could see Sigmund (invisible) and a jackal.

Vanquished Creatures
  Crazy Yiuf (D:2)
  5 adders (D:3)
  An ooze (D:1)
  3 giant geckos
  2 orcs
  4 bats
  4 giant cockroaches (D:1)
  3 goblins
  3 hobgoblins
  7 jackals
  6 kobolds
  A quokka (D:3)
  5 giant newts
  6 rats
51 creatures vanquished.

Notes
Turn   | Place    | Note
--------------------------------------------------------------
     0 | D:1      | Lugonue the Vampire Enchanter began the quest for the Orb.
     0 | D:1      | Reached XP level 1. HP: 13/13 MP: 3/3
   258 | D:1      | Reached skill level 5 in Stealth
   546 | D:1      | Reached XP level 2. HP: 19/19 MP: 5/5
   587 | D:1      | Learned a level 2 spell: Ensorcelled Hibernation
   874 | D:1      | Reached skill level 6 in Stealth
  1033 | D:1      | Reached XP level 3. HP: 16/24 MP: 6/6
  1163 | D:2      | Noticed Crazy Yiuf
  1169 | D:2      | Killed Crazy Yiuf
  1169 | D:2      | Reached skill level 7 in Stealth
  1337 | D:3      | Reached XP level 4. HP: 26/30 MP: 7/7
  1471 | D:3      | Reached skill level 8 in Stealth
  1486 | D:3      | Learned a level 3 spell: Confuse
  1993 | D:3      | Found a glowing silver altar of Zin.
  2090 | D:4      | Noticed Sigmund
  2126 | D:4      | Slain by Sigmund

Vault maps used:
D:1:      lemuel_arrival_funnel
D:2:      tso_metal_star, first_bread, uniq_crazy_yiuf_cottage
D:3:      makhleb_grotto_becter, lemuel_crystal_altar
D:4:      minmay_misc_feat_roman, uniq_sigmund, uniq_blork_the_orc

Action                   |  1- 3 |  4- 6 || total
-------------------------+-------+-------++-------
Melee: Dagger            |    92 |    43 ||   135
 Cast: Corona            |     3 |       ||     3
       Confuse           |       |     4 ||     4
       Ensorcelled Hiber |       |     4 ||     4
  Use: Scroll            |       |     4 ||     4
 Stab: Sleeping          |     6 |     9 ||    15
